 Dungeon Crawl Stone Soup version 0.16.0-16-g311141a (console) character file.

3067 gw the Martial Artist (level 9, -4/81 HPs)
             Began as a Hill Orc Monk on Mar 20, 2015.
             Was an Elder of Beogh.
             Slain by an orc warrior (13 damage)
             ... in a bailey.
             The game lasted 00:11:32 (9226 turns).

gw the Martial Artist (Hill Orc Monk)               Turns: 9226, Time: 00:11:32

Health: -4/81      AC: 14    Str: 14    XL:     9   Next: 88%
Magic:  7/9        EV:  8    Int: 10    God:    Beogh [****..]
Gold:   305        SH:  0    Dex: 16    Spells: 0 memorised, 8 levels left

rFire  . . .     SeeInvis .       - Unarmed
rCold  . . .     Clarity  .     e - +0 plate armour
rNeg   . . .     SustAb   .     (no shield)
rPois  .         Gourm    .     (no helmet)
rElec  .         Spirit   .     (no cloak)
rCorr  .         Warding  .     (no gloves)
rMut   .         Stasis   .     (no boots)
MR     .....                    (no amulet)
Stlth  ..........               (no ring)
                                i - +3 ring of evasion

@: not resistant to hostile enchantments, extremely unstealthy
A: no striking features
a: Smiting, Recall Orcish Followers, Renounce Religion


You were in a bailey.
You worshipped Beogh.
Beogh was greatly pleased with you.
You were very hungry.

You visited 1 branch of the dungeon, and saw 7 of its levels.
You also visited: Bailey.

You collected 305 gold pieces.

Inventory:

Missiles
 d - 195 stones
 g - 41 poisoned needles
 p - 4 tomahawks (quivered)
Armour
 e - a +0 plate armour (worn)
Jewellery
 i - a +3 ring of evasion (left hand)
Magical devices
 b - a wand of slowing (27)
Scrolls
 f - 7 scrolls of identify
 j - 2 scrolls of remove curse
Potions
 k - a potion of curing
Comestibles
 h - 3 fruits
 l - a beef jerky
 m - 5 slices of pizza
 n - 2 bread rations


   Skills:
 + Level 8.0 Fighting
 + Level 5.8 Throwing
 + Level 6.3 Armour
 - Level 2.4 Dodging
 - Level 1.5 Stealth
 * Level 10.3 Unarmed Combat


You had 8 spell levels left.
You didn't know any spells.

Dungeon Overview and Level Annotations

Branches:
Dungeon (7/15)             Temple (0/1) D:6

Altars:
Cheibriados
Trog
Yredelemnul

Shops:
D:4 *[??   D:7 [

Annotations:
D:1 exclusion: downstairs
D:2 exclusion: downstairs
D:3 exclusion: downstairs


Message History

Unknown command.
ATTACK MOVE TO (1,0)
You barely miss the orc warrior. The orc warrior hits you.
Unknown command.
Unknown command.
Unknown command.
Unknown command.
ATTACK MOVE TO (1,0)
You punch the orc warrior!
The orc warrior is heavily wounded.
The orc warrior hits you! x2
Unknown command.
Unknown command.
Unknown command.
Unknown command.
Use which ability? (? or * to list)
You begin recalling your allies.
You feel slightly more hungry.
Your orc is recalled.
You finish recalling your allies.
The orc warrior hits you!
You die...

#.....)(........
#....(.(~~~~~...
#.....(~~#o#~~..
#.....(~##.##~.
#.(....~o.^..~..
#.....(~##.##~..
#......~~#.#~~..
#.......~~~~~....
#.......oo.......
#.......o........
#...............
#...............
...............
.............
###########


You could see an orc warrior and a friendly orc.

Table legend:
 A = Turns spent in this place as a percentage of turns spent in the entire game.
 B = Non-inter-level travel turns spent in this place as a percentage of non-inter-level travel turns spent in the entire game.
 C = Inter-level travel turns spent in this place as a percentage of turns spent in this place.
 D = Turns resting spent in this place as a percentage of non-inter-level travel turns spent in this place.
 E = Turns spent auto-exploring this place as a percentage of non-inter-level travel turns spent in this place.
 F = Non-inter-level travel turns spent in this place divided by the number of levels of this place that you've seen.
                   A       B       C       D       E      F
               +-------+-------+-------+-------+-------+----------------------
         Total | 100.0 | 100.0 |   0.4 |   0.8 |   2.3 | 1813.8
       Dungeon |  97.9 |  97.9 |   0.4 |   0.8 |   2.3 | 2029.9
        Bailey |   2.1 |   2.1 |   0.0 |   4.0 |   1.7 | 301.0
               +-------+-------+-------+-------+-------+----------------------

Table legend:
 A = Kills in this place as a percentage of kills in entire the game.
 B = Kills by you in this place as a percentage of kills by you in the entire game.
 C = Kills by friends in this place as a percentage of kills by friends in the entire game.
 D = Other kills in this place as a percentage of other kills in the entire game.
 E = Experience gained in this place as a percentage of experience gained in the entire game.
 F = Experience gained in this place divided by the number of levels of this place that you have seen.
                   A       B       C       D       E      F
               +-------+-------+-------+-------+-------+----------------------
         Total | 100.0 | 100.0 | 100.0 | 100.0 | 100.0 | 547.8
       Dungeon |  98.5 |  98.4 | 100.0 | 100.0 |  97.8 | 612.3
        Bailey |   1.5 |   1.6 |   0.0 |   0.0 |   2.2 |  96.0
               +-------+-------+-------+-------+-------+----------------------

Vanquished Creatures
  Pikel (D:1)
  Prince Ribbit (D:4)
  The ghost of greynaab the Skirmisher, an average GrWn of Dithmenos (D:4)
  A centaur (D:6)
  3 slaves
  An orc warrior (Bailey)
  2 sky beasts
  6 ogres
  A necrophage (D:7)
  A wyvern zombie (D:6)
  2 scorpions
  5 wights (D:6)
  A goliath beetle (D:5)
  A crimson imp (D:5)
  A centaur zombie (D:5)
  An iguana (D:4)
  2 orc priests (D:4)
  A centaur skeleton (D:3)
  2 orc wizards (D:7)
  A worker ant (D:6)
  A hound skeleton (D:7)
  Terence (D:3)
  4 gnolls (D:7)
  12 adders
  2 giant mites (D:3)
  A worm (D:4)
  3 adder skeletons
  5 giant geckos
  An ooze (D:3)
  16 orcs
  10 bats
  4 giant cockroaches
  22 goblins
  13 hobgoblins
  14 jackals
  2 quokkas
  4 ball pythons
  2 giant gecko skeletons
  7 giant newts
  2 jackal zombies (D:5)
  15 kobolds
  12 rats
  A spectral orc (D:3)
189 creatures vanquished.

Vanquished Creatures (collateral kills)
  An orc warrior (D:7)
  A black bear (D:7)
  A giant frog (D:7)
  A scorpion (D:7)
  A goliath beetle (D:7)
  A giant frog zombie (D:7)
  An orc wizard (D:6)
  3 adders
  A shadow imp (D:7)
  2 orcs
13 creatures vanquished.

Vanquished Creatures (others)
  A slave (D:4)
  An orc warrior (D:7)
  An orc priest (D:6)
  5 orc wizards
  A river rat (D:3)
  12 orcs
  A kobold (D:3)
22 creatures vanquished.

Grand Total: 224 creatures vanquished

Notes
Turn   | Place    | Note
--------------------------------------------------------------
     0 | D:1      | gw, the Hill Orc Monk, began the quest for the Orb.
     0 | D:1      | Reached XP level 1. HP: 19/19 MP: 1/1
   278 | D:1      | Reached XP level 2. HP: 27/27 MP: 2/2
   845 | D:1      | Reached XP level 3. HP: 30/33 MP: 3/3
  1278 | D:1      | Reached skill level 1 in Armour
  1352 | D:2      | Reached skill level 1 in Throwing
  1658 | D:2      | Reached skill level 5 in Unarmed Combat
  1854 | D:2      | Reached XP level 4. HP: 35/40 MP: 4/4
  2209 | D:3      | Noticed Terence
  2215 | D:3      | Killed Terence
  2423 | D:3      | Became a worshipper of Beogh the Brigand
  2423 | D:3      | Acquired Beogh's first power
  2423 | D:3      | Acquired Beogh's second power
  2545 | D:3      | Reached XP level 5. HP: 47/47 MP: 5/5
  3084 | D:3      | Found a basalt altar of Yredelemnul.
  3469 | D:4      | Reached skill level 6 in Unarmed Combat
  3491 | D:4      | Reached XP level 6. HP: 53/55 MP: 6/6
  3596 | D:4      | Found Leifow's Magic Scroll Shop.
  3647 | D:4      | Noticed greynaab's ghost (average GrWn)
  3649 | D:4      | Noticed Prince Ribbit
  3862 | D:4      | Reached skill level 5 in Fighting
  4008 | D:4      | Noticed a slave
  4008 | D:4      | Noticed a slave
  4029 | D:4      | Killed a slave
  4042 | D:3      | Killed a slave
  4270 | D:4      | Found Emagaqoriun's Antique Armour Boutique.
  4433 | D:4      | Noticed Pikel
  4437 | D:4      | Noticed a slave
  4439 | D:4      | Noticed a slave
  4468 | D:4      | Killed a slave
  4673 | D:3      | Gained mutation: You can spit poison. [potion of beneficial mutation]
  4877 | D:1      | Killed Pikel
  4877 | D:1      | Reached skill level 7 in Unarmed Combat
  4877 | D:1      | Reached XP level 7. HP: 34/63 MP: 7/7
  4877 | D:1      | Reached XP level 8. HP: 37/70 MP: 8/8
  5135 | D:4      | Killed Prince Ribbit
  5135 | D:4      | Reached skill level 8 in Unarmed Combat
  5170 | D:4      | Killed a freed slave
  5541 | D:4      | Killed greynaab's ghost
  5603 | D:4      | Found a snail-covered altar of Cheibriados.
  5684 | D:4      | Noticed an ogre
  5688 | D:4      | Killed an ogre
  5693 | D:4      | Found Owidaxal's Assorted Antiques.
  5715 | D:4      | Got an ancient scale mail
  5726 | D:4      | Identified the +5 scale mail of the Seven Realms {rCorr} (You found it on level 4 of the Dungeon)
  5839 | D:4      | Noticed an ogre
  5846 | D:4      | Killed an ogre
  5924 | D:4      | Found Sofyxtoy's Magic Scroll Boutique.
  6169 | D:5      | Entered Level 5 of the Dungeon
  6273 | D:5      | Acquired Beogh's third power
  6355 | D:5      | Reached skill level 9 in Unarmed Combat
  6355 | D:5      | Reached XP level 9. HP: 79/79 MP: 9/9
  6531 | D:5      | Reached skill level 5 in Armour
  6560 | D:5      | Found a bloodstained altar of Trog.
  7203 | D:5      | Lost mutation: You can spit poison. [potion of cure mutation]
  7337 | D:6      | Reached skill level 5 in Throwing
  7669 | D:6      | Found a staircase to the Ecumenical Temple.
  8068 | D:6      | Acquired Beogh's fourth power
  8309 | D:7      | Found Pienwerr's Antique Armour Emporium.
  8390 | D:7      | Reached skill level 10 in Unarmed Combat
  8851 | D:7      | Found a flagged portal.
  8860 | Bailey   | Entered a bailey
  9226 | Bailey   | Slain by an orc warrior

Action                   |  1- 3 |  4- 6 |  7- 9 || total
-------------------------+-------+-------+-------++-------
Melee: Unarmed           |    89 |   171 |   199 ||   459
Throw: Stone             |    68 |    52 |   101 ||   221
       Tomahawk          |       |    74 |    64 ||   138
Invok: Convert to Beogh  |       |     1 |       ||     1
       Smiting           |       |       |     2 ||     2
       Recall Orcish Fol |       |       |     5 ||     5
 Abil: Spit Poison       |       |     8 |    15 ||    23
  Use: Scroll            |     5 |     3 |     4 ||    12
       Potion            |     3 |     5 |     3 ||    11
  Eat: Chunk             |     3 |     8 |     9 ||    20
       Meat ration       |       |       |     1 ||     1
       Royal jelly       |       |       |     1 ||     1

Vault maps used:
D:1:      noname_arrival_rooms_in_the_neighbourhood, hangedman_feature_mirror
D:3:      yredelemnul_forgotten_temple_becter, gup_sewer_entry_bowl,
          minivault_19, kennysheep_generic_room_7, uniq_terence
D:4:      lemuel_doored_altar, serial_shops, nicolae_shop_overgrown_old_shop,
          shop, nicolae_shop_trees, nicolae_shop_window_shopping,
          minmay_crossroads, uniq_prince_ribbit1, uniq_pikel
D:5:      first_bread, glass_columns_a, trog_hazing_becter
D:6:      temple_green
D:7:      forest_paths, lightli_bailey_entry_fortress, serial_shops, shop
Bailey:   bailey_polearm_2, bailey
